 Dungeon Sprint DCSS version 0.30.1-9-gdf580d7c3d (webtiles) character file.

Game seed: 458119411298646139

13322 Heoruswealwe the Phalangite (level 11, -2/119 HPs)
             Began as a Minotaur Fighter on Sept 29, 2023.
             Was an Initiate of Gozag.
             Slain by a hellwing (5 damage)
             ... summoned by an orc high priest
             ... in the Dungeon (Sprint IX: "|||||||||||||||||||||||||||||").
             The game lasted 00:08:38 (1374 turns).

Heoruswealwe the Phalangite (Minotaur Fighter)      Turns: 1374, Time: 00:08:40

Health: -2/119     AC: 27    Str: 28    XL:     11   Next: 74%
Magic:  10/10      EV: 11    Int:  5    God:    Gozag
Gold:   6104       SH:  0    Dex: 10    Spells: 10/10 levels left

rFire   . . .        b - +2 halberd (protect)
rCold   . . .        (shield currently unavailable)
rNeg    . . .        c - +0 chain mail
rPois   .            (helmet restricted)
rElec   .            h - +0 cloak
rCorr   .            f - +0 pair of gloves
SInv    .            e - +0 pair of boots
Will    .....        (no amulet) Stlth
                     k - +3 ring of strength
HPRegen 0.39/turn    j - +2 ring of evasion
MPRegen 0.12/turn

%: no teleportation
@: under a protective aura
A: horns 2, retaliatory headbutt
a: Renounce Religion, Potion Petition, Call Merchant, Bribe Branch


You were in the Dungeon.
You worshipped Gozag.
Gozag was greatly pleased with you.
You visited 1 branch You collected 6104 gold pieces.

Inventory:

Hand Weapons
 a - a +0 trident
 b - a +2 halberd of protection (weapon)
Armour
 c - a +0 chain mail (worn)
 d - a +0 buckler
 e - a +0 pair of boots (worn)
 f - a +0 pair of gloves (worn)
 h - a +0 cloak (worn)
Jewellery
 j - a +2 ring of evasion (right hand)
 k - a +3 ring of strength (left hand)
Wands
 m - a wand of quicksilver (10)
Scrolls
 o - 3 scrolls of blinking
 p - a scroll of identify
Potions
 g - 2 potions of haste
 i - 4 potions of berserk rage
 l - 6 potions of curing
 n - a potion of might
 q - 4 potions of heal wounds


   Skills:
 + Level 18.0 Fighting
 * Level 24.1 Polearms
 + Level 18.0 Armour
 - Level 3.6 Shields


You had 10 spell levels left.
You didn't know any spells.
Your spell library was empty.

Dungeon Overview and Level Annotations

Branches:
Dungeon (1/1)

Altars:
Cheibriados
Dithmenos
Elyvilon
Fedhas
Gozag
Hepliaklqana
Kikubaaqudgha
Makhleb
Nemelex Xobeh
Okawaru
Qazlal
Ru
Sif Muna
Trog
Uskayaw
Vehumet
Wu Jian
Xom
Yredelemnul
Zin
The Shining One
Jiyva
Lugonu

Shops:
D (


Innate Abilities, Weirdness & Mutations

You have a pair of horns on your head.
You reflexively headbutt those who attack you in melee.


Message History

You kill the orc!
The orc sorcerer is no longer distracted by gold.
An orc high priest comes into view. It is wielding a +0 hand axe.
The orc high priest utters an invocation to Beogh.
You hit the chaos spawn but do no damage.
The orc high priest mumbles some strange prayers to Beogh.
You barely miss the chaos spawn.
The orc high priest no longer looks unusually strong.
The hellwing swoops through the air toward you!
The hellwing hits you but does no damage.
The hellwing barely misses you. The chaos spawn hits you.
The chaos spawn freezes you!
You closely miss the chaos spawn. You headbutt the chaos spawn!
The chaos spawn is moderately wounded.
The orc sorcerer no longer looks unusually strong.
The orc high priest prays to Beogh.
The orc sorcerer gestures wildly while chanting.
The chaos spawn gores you!
* * * LOW HITPOINT WARNING * * *
The chaos spawn draws strength from your injuries!
The hellwing hits you but does no damage.
The hellwing hits you.
* * * LOW HITPOINT WARNING * * *
You closely miss the chaos spawn.
The chaos spawn is moderately wounded.
The orc high priest mumbles some strange prayers to Beogh.
You barely miss the chaos spawn. Your headbutt misses the chaos spawn.
The chaos spawn is moderately wounded.
The hellwing hits you but does no damage. x2
The chaos spawn gores you.
* * * LOW HITPOINT WARNING * * *
The chaos spawn freezes you!
* * * LOW HITPOINT WARNING * * *
You slash the chaos spawn! Your headbutt misses the chaos spawn.
The chaos spawn is severely wounded.
The hellwing hits you.
* * * LOW HITPOINT WARNING * * *
The hellwing hits you.
You die...
Your body crumbles into a pile of gold.

_________________'!?)..[...).....
▓▓▓▓▓▓▓▓▓▓▓▓▓▓▓▓▓▓▓▓▓▓▓▓▓▓▓▓▓▓▓▓▓
.................................
▓▓▓▓▓▓▓▓▓▓▓▓▓▓▓▓▓▓▓▓▓▓▓▓▓▓▓▓▓▓▓▓▓
.......'.........'...........?'.[
▓▓▓▓▓▓▓▓▓▓▓▓▓▓▓▓▓▓▓▓▓▓▓▓▓▓▓▓▓▓▓▓▓
.................................
▓▓▓▓▓▓▓▓▓▓▓▓▓▓▓▓▓▓▓▓▓▓▓▓▓▓▓▓▓▓▓▓▓
)).$$$$$$$$$.).4@4o443oo $ $


$$$$ ▓▓▓▓▓▓▓▓▓▓▓▓▓▓▓▓▓▓▓▓▓▓▓▓ You could see a soul eater (summoned), 2 orc high
priests, an orange demon (summoned), a hellwing (summoned), a rust devil
(summoned), a chaos spawn (summoned) and an orc sorcerer.

Vanquished Creatures
  An ettin (D)
  A hydra (D)
  2 orc high priests (D)
  Sonja (D)
  A skyshark (D)
  2 orc knights (D)
  An orc sorcerer (D)
  2 cyclopes (D)
  An oklob plant (D)
  An ugly thing (D)
  An elephant (D)
  2 black mambas (D)
  A kobold demonologist (D)
  3 cane toads (D)
  2 komodo dragons (D)
  6 polar bears (D)
  A slime creature (D)
  A shadow (D)
  A wyvern (D)
  A wraith (D)
  6 yaks (D)
  An acid dragon (D)
  A water moccasin (D)
  3 black bears (D)
  9 orc warriors (D)
  A wolf (D)
  A kobold brigand (D)
  A bullfrog (D)
  3 orc priests (D)
  A hound (D)
  4 orc wizards (D)
  An iguana (D)
  A sleepcap (D)
  8 orcs (D)
  2 endoplasms (D)
  A hobgoblin (D)
  A quokka (D)
  A rat (D)
78 creatures vanquished.

Notes
Turn   | Place    | Note
-------+----------+-------------------------------------------
     0 | D        | Heoruswealwe the Minotaur Fighter began the quest for the
                  | Orb.
     0 | D        | Reached XP level 1. HP: 19/19 MP: 0/0
     9 | D        | Reached skill level 3 in Polearms
    50 | D        | Noticed a sleepcap
    50 | D        | Noticed a hound
    50 | D        | Noticed an iguana
    50 | D        | Noticed a black bear
    56 | D        | Killed a sleepcap
    57 | D        | Reached skill level 5 in Fighting
    57 | D        | Reached skill level 5 in Polearms
    57 | D        | Reached skill level 5 in Armour
    57 | D        | Reached XP level 2. HP: 14/29 MP: 1/1
    57 | D        | Reached XP level 3. HP: 17/36 MP: 2/2
    63 | D        | Reached skill level 6 in Polearms
    74 | D        | Reached skill level 7 in Polearms
    74 | D        | Reached XP level 4. HP: 37/44 MP: 3/3
    79 | D        | Killed a black bear
    80 | D        | Reached skill level 9 in Polearms
    80 | D        | Reached XP level 5. HP: 28/52 MP: 4/4
    86 | D        | Found a snail-covered altar of Cheibriados.
    86 | D        | Found a shadowy altar of Dithmenos.
    86 | D        | Found a white marble altar of Elyvilon.
    86 | D        | Found a blossoming altar of Fedhas.
    86 | D        | Found an opulent altar of Gozag.
    87 | D        | Found a hazy altar of Hepliaklqana.
    88 | D        | Found a viscous altar of Jiyva.
    89 | D        | Found an ancient bone altar of Kikubaaqudgha.
    90 | D        | Found a corrupted altar of Lugonu.
    91 | D        | Found a burning altar of Makhleb.
    92 | D        | Found a sparkling altar of Nemelex Xobeh.
    93 | D        | Found an iron altar of Okawaru.
    94 | D        | Became a worshipper of Gozag Ym Sagoz the Greedy
    95 | D        | Found a stormy altar of Qazlal.
    96 | D        | Found a sacrificial altar of Ru.
    97 | D        | Found a shimmering blue altar of Sif Muna.
    98 | D        | Found a bloodstained altar of Trog.
    99 | D        | Found a hide-covered altar of Uskayaw.
   100 | D        | Found a radiant altar of Vehumet.
   101 | D        | Found an ornate altar of the Wu Jian Council.
   102 | D        | Found a shimmering altar of Xom.
   103 | D        | Found a basalt altar of Yredelemnul.
   104 | D        | Found a glowing silver altar of Zin.
   105 | D        | Found a glowing golden altar of the Shining One.
   164 | D        | Noticed a yak
   164 | D        | Noticed a shadow
   164 | D        | Noticed a yak
   164 | D        | Noticed a yak
   164 | D        | Noticed an acid dragon
   168 | D        | Reached skill level 10 in Polearms
   170 | D        | Killed a yak
   171 | D        | Reached skill level 12 in Polearms
   171 | D        | Reached XP level 6. HP: 63/63 MP: 5/5
   172 | D        | Killed a shadow
   173 | D        | Reached XP level 7. HP: 68/71 MP: 6/6
   175 | D        | Killed a yak
   176 | D        | Reached skill level 10 in Fighting
   176 | D        | Reached skill level 13 in Polearms
   176 | D        | Reached skill level 10 in Armour
   180 | D        | Killed a yak
   181 | D        | Reached skill level 14 in Polearms
   198 | D        | Noticed a kobold demonologist
   198 | D        | Noticed a wraith
   198 | D        | Noticed a cyclops
   198 | D        | Noticed a slime creature
   198 | D        | Noticed a red ugly thing
   198 | D        | Noticed a cyclops
   206 | D        | Killed a kobold demonologist
   207 | D        | Reached skill level 15 in Polearms
   207 | D        | Reached XP level 8. HP: 82/82 MP: 7/7
   215 | D        | Killed a cyclops
   216 | D        | Reached skill level 16 in Polearms
   219 | D        | Killed a slime creature
   228 | D        | Killed a red ugly thing
   229 | D        | Reached skill level 17 in Polearms
   229 | D        | Reached XP level 9. HP: 81/93 MP: 8/8
   234 | D        | Killed a cyclops
   365 | D        | Noticed a cane toad
   365 | D        | Noticed a cane toad
   365 | D        | Noticed a black mamba
   365 | D        | Noticed a black mamba
   367 | D        | Killed a cane toad
   368 | D        | Reached skill level 18 in Polearms
   368 | D        | Noticed a seven-headed hydra
   372 | D        | Killed a cane toad
   374 | D        | Killed a black mamba
   384 | D        | Killed a 12-headed hydra
   385 | D        | Reached skill level 19 in Polearms
   385 | D        | Reached XP level 10. HP: 16/104 MP: 9/9
   391 | D        | Killed a black mamba
   400 | D        | Reached skill level 20 in Polearms
   405 | D        | Reached skill level 15 in Fighting
   670 | D        | Noticed an elephant
   670 | D        | Noticed a skyshark
   670 | D        | Noticed an oklob plant
   679 | D        | Killed an elephant
   680 | D        | Reached skill level 15 in Armour
   685 | D        | Killed a skyshark
   686 | D        | Noticed a cane toad
   694 | D        | Killed an oklob plant
   695 | D        | Reached skill level 21 in Polearms
   713 | D        | Killed a cane toad
   910 | D        | Reached XP level 11. HP: 100/115 MP: 10/10
   916 | D        | Reached skill level 22 in Polearms
  1048 | D        | Noticed Sonja
  1052 | D        | Killed Sonja
  1203 | D        | Noticed an ettin
  1213 | D        | Killed an ettin
  1289 | D        | Noticed an orc knight
  1289 | D        | Noticed an orc high priest
  1293 | D        | Reached skill level 23 in Polearms
  1311 | D        | Killed an orc knight
  1323 | D        | Killed an orc high priest
  1348 | D        | Found Wyxteh's Antique Weapon Emporium.
  1348 | D        | Noticed an orc high priest
  1348 | D        | Noticed an orc knight
  1348 | D        | Noticed an orc sorcerer
  1348 | D        | Noticed an orc high priest
  1351 | D        | Killed an orc high priest
  1352 | D        | Noticed an orc sorcerer
  1359 | D        | Killed an orc knight
  1360 | D        | Reached skill level 24 in Polearms
  1365 | D        | Killed an orc sorcerer
  1368 | D        | Noticed an orc high priest
  1373 | D        | Noticed a soul eater
  1373 | D        | HP: 4/119 [chaos spawn[an orc high priest] (15)]
  1374 | D        | Slain by a hellwing

Illustrated notes

Levels and vault maps discovered:
D:        linesprint [early_d, line_temple, items_1, d_10, items_2, lair_1,
          lair_end, items_3, orc_1, orc_end, items_4, d_15, swamp_1, shoals_1,
          snake_1, spider_1, d_20, vaults_1, items_5, swamp_end, shoals_end,
          snake_end, spider_end, vaults_end, d_27, items_6, zot_1, zot_end,
          crypt_end, forest_end, elf_end, slime_end, tomb_end, abyss_end,
          pan_hell_end]

Skill      XL: |  1  2  3  4  5  6  7  8  9 10 11 |
---------------+----------------------------------+-----
Polearms       | 5 7 9 12 15 17 19 21 24 | 24.1
Fighting       | 5 6 7 9 11 13 14 16 18 | 18.0
Armour         | 5 6 7 9 11 13 14 16 18 | 18.0
Shields        | |  3.6

Action                     |  1- 3 |  4- 6 |  7- 9 | 10-12 || total
---------------------------+-------+-------+-------+-------++-------
  Melee: Trident           |    35 |     6 |       |       ||    41
         Headbutt          |     8 |     4 |    17 |    43 ||    72
         Halberd           |       |     8 |    61 |   193 ||   262
    Use: Potion            |     1 |       |       |       ||     1
   Stab: Distracted        |       |       |       |     1 ||     1
 Armour: Scale mail        |     7 |     3 |    25 |    59 ||    94
         Chain mail        |       |       |       |    18 ||    18
  Dodge: Dodged            |    15 |     7 |    26 |    61 ||   109
  Block: Buckler           |     6 |     2 |       |       ||     8
